 Dungeon Crawl Stone Soup version 0.26-a0-28-gc929df5585 (webtiles) character file.

Game seed: 9519841554487925172, levelgen mode: deterministic

8736 Fv001 the Carver (level 11, -7/84 HPs)
             Began as a Formicid Fighter on May 25, 2020.
             Was a High Priest of Okawaru.
             Mangled by a salamander
             ... wielding a +0 glaive
              (10 damage)
             ... in a volcano on May 28, 2020.
             The game lasted 00:39:50 (12819 turns).

Fv001 the Carver (Formicid Fighter)                Turns: 12819, Time: 00:39:51

Health: -7/84      AC: 18    Str: 21    XL:     11   Next: 61%
Magic:  0/15       EV:  7    Int:  8    God:    Okawaru [*****.]
Gold:   583        SH:  0    Dex: 13    Spells: 10/10 levels left

rFire    + . .     SeeInvis +   a - +1 great sword (freeze)
rCold    . . .     Gourm    .   t - +0 kite shield
rNeg     . . .     Faith    .   r - +0 plate armour
rPois    .         Spirit   +   (helmet unavailable)
rElec    .         Reflect  .   Q - +2 cloak {rF+}
rCorr    .         Harm     .   (no gloves)
MR       ++...                  u - +0 pair of boots
Stlth    ..........             x - amulet of guardian spirit (curse)
HPRegen  0.24/turn              v - ring of protection from magic
MPRegen  0.14/turn              (no ring)

@: confused
A: permanent stasis, dig shafts and tunnels, four strong arms, antennae 3
a: Dig, Shaft Self, Heroism, Finesse, Renounce Religion


You were in a volcano.
You worshipped Okawaru.
Okawaru was extremely pleased with you.
You were not hungry.

You visited 3 branches of the dungeon, and saw 12 of its levels.
You also visited: Volcano.

You collected 583 gold pieces.

Inventory:

Hand Weapons
 a - a +1 great sword of freezing (weapon)
 b - a +2 shortbow of flaming
 c - a +4 rapier of venom
Missiles
 k - 179 arrows
Armour
 r - a +0 plate armour (worn)
 t - a +0 kite shield (worn)
 u - a +0 pair of boots (worn)
 z - a +1 cloak
 Q - a +2 cloak of fire resistance (worn)
Jewellery
 h - an uncursed amulet of regeneration {unknown}
 v - a ring of protection from magic (left hand)
 w - a +4 ring of slaying {unknown}
 x - a cursed amulet of guardian spirit (around neck)
 A - an uncursed ring of positive energy {unknown}
 B - an uncursed ring of wizardry
 E - an uncursed amulet of the acrobat {unknown}
 I - an uncursed ring of positive energy {unknown}
 N - an uncursed ring of magical power {unknown}
Wands
 C - a wand of disintegration (14)
 H - a wand of paralysis (12)
 J - a wand of flame (12)
 L - a wand of acid (14)
Scrolls
 g - a scroll of amnesia {unknown}
 i - a scroll of remove curse
 l - a scroll of fear
 m - 3 scrolls of fog
 p - 2 scrolls of enchant weapon {unknown}
 q - 2 scrolls of immolation {unknown}
 y - 3 scrolls of magic mapping {unknown}
 F - a scroll of silence {unknown}
 K - a scroll of noise {unknown}
 O - a scroll of acquirement {unknown}
Potions
 d - 2 potions of ambrosia
 e - 2 potions of mutation {unknown}
 j - 3 potions of lignification
 n - 3 potions of stabbing
 o - 2 potions of curing
 s - a potion of cancellation {unknown}
 D - a potion of invisibility {unknown}
 G - a potion of haste {unknown}
 M - a potion of flight {unknown}
Comestibles
 f - 22 rations
 R - 4 chunks of flesh


   Skills:
 + Level 7.5 Fighting
 + Level 11.1 Long Blades
 + Level 3.6 Bows
 + Level 7.5 Armour
 + Level 1.5 Dodging
 - Level 0.5 Stealth
 + Level 9.3 Shields
 * Level 6.0 Invocations


You had 10 spell levels left.
You didn't know any spells.
Your spell library contained the following spells:

 Spells                   Type           Power        Failure   Level  Hunger
 Freeze                   Ice            #...         100%        1    ##.....
 Frozen Ramparts          Ice            #.....       100%        3    ####...
 Ozocubu's Armour         Chrm/Ice       #.......     100%        3    ####...
 Hailstorm                Conj/Ice       #.......     100%        4    #####..
 Summon Ice Beast         Ice/Summ       #.......     100%        4    #####..


Dungeon Overview and Level Annotations

Branches:
Dungeon (9/15)             Temple (1/1) D:5            Lair (2/6) D:9
Volcano (1/1)
  Swamp: Lair:2-4    Shoals: Lair:2-4     Snake: Lair:2-4    Spider: Lair:2-4
    Orc: D:9-12

Altars:
Ashenzari
Cheibriados
Dithmenos
Elyvilon
Fedhas
Gozag
Hepliaklqana
Kikubaaqudgha
Makhleb
Nemelex Xobeh
Okawaru
Qazlal
Ru
Sif Muna
Trog
Uskayaw
Vehumet
Wu Jian
Xom
Yredelemnul
Zin
The Shining One

Shops:
D:6 =

Annotations:
D:8 2 transporters, brujo666's ghost, novice DDFi


Innate Abilities, Weirdness & Mutations

You cannot be hasted, slowed, berserked, paralysed or teleported.
You can dig through walls and to a lower floor.
Your four strong arms can wield two-handed weapons with a shield.
You have a pair of large antennae on your head. (SInv)


Message History

* * * LOW HITPOINT WARNING * * *
Unknown command.
You bump into the rock wall.
You are engulfed in blazing flames.
You resist.
* * * LOW HITPOINT WARNING * * *
The fire bat bites you but does no damage. x2
The hell hound breathes flames at you. The blast of flame hits you. You resist.
* * * LOW HITPOINT WARNING * * *
The salamander barely misses you.
The hell hound bites you but does no damage.
You bump into the rock wall.
You are engulfed in blazing flames.
You resist.
The fire bat bites you but does no damage. x3
The hell hound bites you.
* * * LOW HITPOINT WARNING * * *
The salamander hits you from afar with a +0 halberd!
* * * LOW HITPOINT WARNING * * *
You are engulfed in flames.
You resist.
* * * LOW HITPOINT WARNING * * *
The salamander hits you from afar with a +0 glaive!
You die...

.°°.≈≈≈#≈ ≈≈≈≈ ###
°.≈≈≈°≈§≈
≈≈≈≈≈..##$.##..≈≈≈§≈°
≈≈≈≈≈≈..#....#.≈≈≈°°≈#
≈≈≈≈≈...#.)..°...≈≈°#°
≈≈≈≈≈≈.^#[.N°#.≈≈≈°≈≈°
≈≈≈≈≈≈≈.##..##NN.§°≈°≈
≈≈≈≈≈≈≈..####h°°≈≈≈≈≈#
≈≈≈≈≈≈≈......@b≈§≈§§§°
≈≈≈≈≈≈...####b°°≈≈§§°#
≈≈≈≈≈≈..##..##§§°°°§≈§
≈≈≈≈≈≈≈.#....#°°§°§≈≈°
≈≈≈≈≈.≈)')...#..≈≈≈°#°
≈≈≈≈≈≈≈.#....#.≈≈≈°≈°#
≈≈≈≈≈≈≈.##..##.≈°°≈≈≈≈
≈≈≈≈≈≈...####.°§≈§°≈≈
≈≈≈≈≈≈≈.........


You could see 2 salamanders, a hell hound (catching breath) and 2 fire bats.

Vanquished Creatures
  Pikel (D:7)
  3 black mambas (Lair:1)
  2 spiny frogs (Lair:1)
  12 yaks
  Grum (D:8)
  A basilisk (Lair:1)
  A fire bat (Volcano)
  Eustachio (D:5)
  2 porcupines (Lair:1)
  A water moccasin (Lair:1)
  A sky beast (D:6)
  A slave (D:7)
  3 ogres
  4 ice beasts
  8 wolves
  5 centaurs
  2 crocodiles (Lair:1)
  A big kobold (D:8)
  A bullfrog (Lair:1)
  3 scorpions
  2 electric eels (Lair:1)
  6 wights (D:8)
  3 howler monkeys (D:7)
  A crimson imp (D:8)
  3 centaur zombies
  4 hounds
  A centaur skeleton (D:8)
  2 jellies
  A gnoll shaman (D:6)
  6 orc priests
  11 orc wizards
  2 iguanas
  10 worker ants
  A hound zombie (D:6)
  A hound skeleton (D:4)
  A howler monkey zombie (D:4)
  15 gnolls
  13 adders
  An ooze (D:3)
  An adder zombie (D:4)
  4 worms
  7 dart slugs
  5 leopard geckos
  13 orcs
  11 giant cockroaches
  9 goblins
  7 hobgoblins
  13 jackals
  3 quokkas
  A ball python (D:7)
  7 bats
  5 frilled lizards
  4 kobolds (D:1)
  3 leopard gecko skeletons
  8 rats
  A plant (D:8)
240 creatures vanquished.

Vanquished Creatures (others)
  A centaur (Volcano)
  An orc (D:7)
  3 fungi (Lair:1)
5 creatures vanquished.

Grand Total: 245 creatures vanquished

Notes
Turn   | Place    | Note
-------+----------+-------------------------------------------
     0 | D:1      | Fv001 the Formicid Fighter began the quest for the Orb.
     0 | D:1      | Reached XP level 1. HP: 18/18 MP: 1/1
   246 | D:1      | Reached XP level 2. HP: 24/24 MP: 2/2
   385 | D:1      | Reached XP level 3. HP: 29/29 MP: 3/3
   962 | D:2      | Found a hazy altar of Hepliaklqana.
   962 | D:2      | Found a bloodstained altar of Trog.
   962 | D:2      | Found a snail-covered altar of Cheibriados.
   962 | D:2      | Found an opulent altar of Gozag.
  1132 | D:2      | Reached XP level 4. HP: 35/35 MP: 4/4
  1336 | D:2      | Reached skill level 3 in Long Blades
  1430 | D:2      | Reached XP level 5. HP: 31/42 MP: 5/5
  1638 | D:2      | Found a faded altar of an unknown god.
  1924 | D:2      | Upgraded the game from 0.26-a0-18-g135ff06667 to
                  | 0.26-a0-21-gf97e55dc39
  2221 | D:3      | Reached XP level 6. HP: 20/48 MP: 6/6
  2546 | D:3      | Reached skill level 4 in Long Blades
  2575 | D:3      | Reached skill level 5 in Shields
  3232 | D:4      | HP: 2/48 [orc wizard/magic dart (8)]
  3238 | D:3      | HP: 1/48 [poisoned by an adder]
  3738 | D:3      | Reached XP level 7. HP: 36/54 MP: 7/7
  4090 | D:4      | Reached skill level 5 in Long Blades
  4090 | D:4      | Reached skill level 5 in Armour
  4090 | D:4      | Reached skill level 1 in Dodging
  4631 | D:5      | Entered Level 5 of the Dungeon
  4807 | D:5      | Reached XP level 8. HP: 55/61 MP: 8/8
  4844 | D:5      | Found a radiant altar of Vehumet.
  5137 | D:5      | Reached skill level 6 in Long Blades
  5208 | D:5      | Noticed Eustachio
  5230 | D:5      | Killed Eustachio
  5558 | D:5      | Found a staircase to the Ecumenical Temple.
  5655 | Temple   | Entered the Ecumenical Temple
  5663 | Temple   | Became a worshipper of Warmaster Okawaru
  6127 | D:6      | Found Zitz's Jewellery Shop.
  6135 | D:6      | Upgraded the game from 0.26-a0-21-gf97e55dc39 to
                  | 0.26-a0-28-gc929df5585
  6244 | D:6      | Reached skill level 7 in Long Blades
  6273 | D:6      | Reached skill level 5 in Fighting
  6556 | D:6      | Reached XP level 9. HP: 63/68 MP: 9/9
  6968 | D:7      | Reached * piety under Okawaru
  6997 | D:7      | Reached skill level 8 in Long Blades
  7097 | D:7      | Noticed Pikel
  7116 | D:7      | Killed Pikel
  7116 | D:7      | Reached ** piety under Okawaru
  7349 | D:7      | Found a shimmering blue altar of Sif Muna.
  7360 | D:7      | Found a shadowy altar of Dithmenos.
  7713 | D:8      | Reached skill level 1 in Invocations
  7802 | D:8      | Reached skill level 9 in Long Blades
  7808 | D:8      | Reached XP level 10. HP: 75/76 MP: 11/11
  8115 | D:8      | Reached skill level 1 in Bows
  8291 | D:8      | Found a transporter.
  8295 | D:8      | Found a transporter.
  8298 | D:8      | Noticed brujo666's ghost (novice DDFi)
  8763 | D:8      | Noticed Grum
  8800 | D:8      | Killed Grum
  8807 | D:8      | Reached *** piety under Okawaru
  9147 | D:9      | Reached skill level 10 in Long Blades
  9169 | D:9      | Reached **** piety under Okawaru
 10035 | D:9      | Found a staircase to the Lair.
 10265 | D:9      | Found a sparkling altar of Nemelex Xobeh.
 10484 | Lair:1   | Entered Level 1 of the Lair of Beasts
 10524 | Lair:1   | Noticed a spiny frog
 10536 | Lair:1   | Killed a spiny frog
 10545 | Lair:1   | Reached XP level 11. HP: 51/84 MP: 8/14
 10793 | Lair:1   | Reached skill level 5 in Invocations
 11077 | Lair:1   | Reached ***** piety under Okawaru
 11589 | Lair:1   | Reached skill level 11 in Long Blades
 12691 | Lair:2   | Found a dark tunnel.
 12696 | Volcano  | Entered a volcano
 12804 | Volcano  | Noticed a salamander
 12805 | Volcano  | Noticed a salamander
 12819 | Volcano  | HP: 3/84 [salamander/+0 halberd (2)]
 12819 | Volcano  | Mangled by a salamander

Illustrated notes

Levels and vault maps discovered:
D:1:      kilobyte_arrival_exit_the_forest, layout_basic, st_stairs_12
D:2:      layout_loops_ring, chequers_temple_overflow_statue_of_worship,
          chequers_ecumenical_altar_twisty
D:3:      layout_rooms, first_ration
D:4:      layout_gridville
D:5:      layout_layer_cave, lemuel_crystal_altar, temple_statues,
          uniq_eustachio
D:6:      layout_loops_corners, serial_shops,
          nicolae_shop_temple_entry_statues_fountains
D:7:      layout_rooms, led_sif_pool, nicolae_dithmenos_shadow_blocks,
          uniq_pikel
D:8:      layout_cave_pods, gammafunk_ghost_hive, blue_anna_alchemist
          [blue_anna_fruit_fields, blue_anna_fruit_fields], item_on_display_a,
          uniq_grum
D:9:      layout_basic, lair_entry_dummy, serial_co_window_serial,
          co_window_corner_a, co_window_corner_a, co_window_of_opportunity_a,
          co_window_corner_a, co_window_corner_a, co_window_broadway_b,
          co_window_corner_ca, co_window_paths_c, co_window_of_opportunity_c,
          co_window_paths_d, glass_columns_b, glass_columns_a,
          nemelex_altar_shiori
Temple:   nicolae_temple_no_exploring_needed
Lair:1:   layout_loops_ring, st_stairs_5, fungi_pond_lemuel,
          infiniplex_staircase_pool
Lair:2:   layout_roguey, nicolae_volcano_entry_s_turn,
          chequers_serial_rivers_micro_e, guppyfry_lair_drakes,
          grunt_megastairs_4
Volcano:  volcano_village

Skill      XL: |  1  2  3  4  5  6  7  8  9 10 11 |
---------------+----------------------------------+-----
Shields        | 4 5 6 7 8 9 |  9.3
Long Blades    | 3 4 5 7 9 10 11 | 11.1
Armour         | 4 5 6 7 |  7.5
Fighting       | 4 5 6 7 |  7.5
Dodging        | 1 |  1.5
Invocations    | 1 4 6 |  6.0
Bows           | 3 |  3.6
Stealth        | |  0.5

Action                   |  1- 3 |  4- 6 |  7- 9 | 10-12 || total
-------------------------+-------+-------+-------+-------++-------
Melee: Long sword        |    96 |   258 |    96 |       ||   450
       Great sword       |       |       |   284 |   321 ||   605
 Fire: Shortbow          |       |       |    17 |    73 ||    90
Invok: Heroism           |       |       |       |     2 ||     2
 Abil: Dig               |       |     1 |     1 |     2 ||     4
  Use: Scroll            |       |     6 |     1 |     3 ||    10
       Potion            |       |     1 |     2 |     3 ||     6
  Eat: Chunk             |     1 |     9 |    14 |    13 ||    37
       Ration            |       |       |       |     1 ||     1
Armor: Scale mail        |    39 |    65 |       |       ||   104
       Plate armour      |       |    82 |   223 |   161 ||   466
       Skin              |       |       |     9 |       ||     9
Dodge: Dodged            |    34 |    79 |    97 |    85 ||   295
Block: Kite shield       |    59 |   150 |   233 |   192 ||   634
       Rpst.: Long sword |     9 |    19 |     5 |       ||    33
       Great sword       |       |       |    18 |    15 ||    33

Table legend:
 A = Non-vault XP
 B = Vault XP
 C = Vault XP percentage of total XP
 D = Non-vault monster count
 E = Vault monster count
 F = Vault count percentage of total count
                 A         B        C        D         E       F
            +---------+---------+-------+---------+---------+-------
      Total |   10042 |    2438 |  19.5 |     223 |      15 |   6.3
            +---------+---------+-------+---------+---------+-------
        D:1 |      44 |       3 |   6.4 |      23 |       2 |   8.0
        D:2 |     168 |       0 |   0.0 |      27 |       0 |   0.0
        D:3 |     340 |       0 |   0.0 |      39 |       0 |   0.0
        D:4 |     270 |       0 |   0.0 |      16 |       0 |   0.0
        D:5 |     560 |     176 |  23.9 |      21 |       1 |   4.5
        D:6 |     547 |       0 |   0.0 |      20 |       0 |   0.0
        D:7 |     534 |     685 |  56.2 |      11 |       1 |   8.3
        D:8 |    1205 |     646 |  34.9 |      25 |       5 |  16.7
        D:9 |    1866 |       0 |   0.0 |      19 |       0 |   0.0
     Lair:1 |    4508 |     523 |  10.4 |      22 |       3 |  12.0
    Volcano |       0 |     405 | 100.0 |       0 |       3 | 100.0
            +---------+---------+-------+---------+---------+-------
